 Dungeon Sprint DCSS version 0.31-a0-543-geaa9c7a2c0 (webtiles) character file.

Game seed: 7883436333238773034

9300000 Conn the Annihilator (level 27, -40/173 (199) HPs)
             Began as a Tengu Reaver on Aug 15, 2023.
             Was the Champion of Makhleb.
             Killed from afar by a wretched soul (96 damage)
             ... with a bolt of negative energy
             ... in the Dungeon (Sprint VIII: "Arena of Blood").
             The game lasted 00:09:08 (93 turns).

Conn the Annihilator (Tengu Reaver)                   Turns: 93, Time: 00:09:09

HP:   -40/173 (199) AC:  6    Str: 20    XL:     27
MP:   25/55         EV: 36    Int: 15    God:    Makhleb [******]
Gold: 0             SH:  0    Dex: 18    Spells: 79/80 levels left

rFire   . . .        i - +โˆž Axe of Woe
rCold   . . .        (shield currently unavailable)
rNeg    . . .        b - +0 leather armour
rPois   .            (helmet restricted)
rElec   .            (no cloak)
rCorr   .            (no gloves)
SInv    .            (boots unavailable)
Will    ++...        (no amulet)
Stlth   +++++++++    j - +30 ring of slaying
HPRegen 0.48/turn    k - +30 ring of slaying
MPRegen 0.34/turn

%: no teleportation
@: flying quickly and evasively, hasted and slowed, heavily drained, quick
A: beak, talons 3, nimble flight
a: Renounce Religion, Minor Destruction, Lesser Servant of Makhleb, Major
Destruction, Greater Servant of Makhleb


You were in the Dungeon.
You worshipped Makhleb.
Makhleb was exalted by your worship.
You visited 1 branch

Inventory:

Hand Weapons
 a - a +0 hand axe
 i - the +โˆž Axe of Woe (weapon)
   (You found it in the Dungeon)
Armour
 b - a +0 leather armour (worn)
Jewellery
 j - a +30 ring of slaying (left hand)
 k - a +30 ring of slaying (right hand)
Scrolls
 h - a scroll of blinking
Potions
 c - a potion of curing
 f - 2 potions of magic
 g - a potion of berserk rage


   Skills:
 O Level 27 Fighting
 O Level 27 Short Blades
 O Level 27 Long Blades
 O Level 27 Axes
 O Level 27 Maces & Flails
 O Level 27 Polearms
 O Level 27 Staves
 O Level 27 Ranged Weapons
 O Level 27 Throwing
 O Level 27 Armour
 O Level 27 Dodging
 O Level 27 Stealth
 O Level 27 Shields
 O Level 27 Unarmed Combat
 O Level 27 Spellcasting
 O Level 27 Conjurations
 O Level 27 Hexes
 O Level 27 Summonings
 O Level 27 Necromancy
 O Level 27 Translocations
 O Level 27 Transmutations
 O Level 27 Fire Magic
 O Level 27 Ice Magic
 O Level 27 Air Magic
 O Level 27 Earth Magic
 O Level 27 Poison Magic
 O Level 27 Invocations
 O Level 27 Evocations
 O Level 27 Shapeshifting


You had 79 spell levels left.
You knew the following spells:

 Your Spells              Type           Power      Damage    Failure   Level
a - Kiss of Death         Conj/Necr      100%       2d13      0%          1

Your spell library contained the following spells:

 Spells                   Type           Power      Damage    Failure   Level
 Momentum Strike          Conj/Tloc      100%       3d10      0%          2
 Hailstorm                Conj/Ice       79%        3d16      0%          3


Dungeon Overview and Level Annotations

Branches:
Dungeon (1/1)

Altars:
Makhleb


Innate Abilities, Weirdness & Mutations

You have a beak for a mouth.
You have claws for feet.
Your magical nature lets you fly swiftly and evasively.


Message History

A demon appears!
You hear a shout!
A meat berserker comes into view. It is wielding a +9 battleaxe.
Something touches your green death!
A meat beast comes into view.
You hear a shout! x3
The accursed points at you and mumbles some strange words.
Something smites you!
The tyrant mumbles some strange words.
A bolt of fire appears from out of your range of vision.
The bolt of fire misses your cacodemon.
Your cacodemon gestures next to the tentacled monstrosity.
Unknown command.
A bag of meat comes into view. It is wielding a +9 war axe.
You hear a shout! x6
Something hits you but does no damage.
You hear a shout! x4
The tyrant touches your green death!
You hear a shout!
A bag of meat comes into view. It is wielding a +9 war axe.
You hear a shout! x2
A bag of meat comes into view. It is wielding a +9 war axe.
Unknown command.
Unknown command.
Unknown command.
A demon appears!
You hear a shout! x2
A meat berserker comes into view. It is wielding a +9 battleaxe.
A tyrant comes into view.
The accursed gestures at you while chanting.
Something smites you!
* * * LOW HITPOINT WARNING * * *
You hear a shout!
A bolt of negative energy appears from out of thin air!
The bolt of negative energy hits your green death.
Your green death completely resists.
The bolt of negative energy hits you!!!!
You feel drained.
Ouch! That really hurt!
You die...

.... .........
.#....... #..... .#
o...#.X.. #.......#
.#.o....###.... ..###.
......L......###......
....X#......ยง._......
...#.M.X.2)#.....#
#..o.O2))).#_.<._#
#..))))@#.....#.
.....#.))))2L._......
...O...))))..###......
........###2......###.
......... #....{..#
......... #.....o.#
.#....... .........
.#.#........L.....
.#.... .........


You could see an accursed, a tentacled monstrosity (summoned), a meat beast
(fast), 3 tyrants, 2 large abominations, 2 meat berserkers, 3 bags of meat, a
friendly cacodemon (summoned), a friendly balrug (summoned) and a friendly green
death (summoned).

Vanquished Creatures
  11 hell beasts (D)
  4 royal mummies (D)
  A wraith (D)
  11 vampire knights (D)
  40 ogres (D)
  8 two-headed ogres (D)
  6 liches (D)
  3 hydras (D)
  A phantom (D)
  72 orcs (D)
  4 skeletal warriors (D)
161 creatures vanquished.

Notes
Turn   | Place    | Note
-------+----------+-------------------------------------------
     0 | D        | Found the +โˆž Axe of Woe
     0 | D        | Conn the Tengu Reaver began the quest for the Orb.
     0 | D        | Reached XP level 1. HP: 12/12 MP: 4/4
     3 | D        | Became a worshipper of Makhleb the Destroyer
     4 | D        | Noticed a bag of meat
     5 | D        | Noticed a bag of meat
     6 | D        | Noticed a bag of meat
     7 | D        | Killed a bag of meat
     7 | D        | Noticed a bag of meat
     7 | D        | Noticed a meat berserker
     8 | D        | Reached XP level 2. HP: 25/25 MP: 4/12
     8 | D        | Reached XP level 3. HP: 29/29 MP: 4/14
     8 | D        | Reached XP level 4. HP: 35/35 MP: 4/15
     8 | D        | Gained mutation: Your magical nature lets you fly swiftly
                  | and evasively. [Tengu growth]
     8 | D        | Reached XP level 5. HP: 39/39 MP: 4/17
     8 | D        | Reached XP level 6. HP: 44/44 MP: 4/18
     8 | D        | Reached XP level 7. HP: 49/49 MP: 4/20
     8 | D        | Reached XP level 8. HP: 54/54 MP: 4/21
     8 | D        | Reached XP level 9. HP: 59/59 MP: 4/22
     8 | D        | Reached XP level 10. HP: 64/64 MP: 4/23
     8 | D        | Reached XP level 11. HP: 68/68 MP: 4/24
     8 | D        | Noticed a bag of meat
     9 | D        | Killed a bag of meat
     9 | D        | Reached * piety under Makhleb
     9 | D        | Killed a bag of meat
     9 | D        | Noticed a bag of meat
    10 | D        | Reached skill level 10 in Fighting
    10 | D        | Reached skill level 10 in Dodging
    10 | D        | Reached XP level 12. HP: 78/78 MP: 4/28
    10 | D        | Noticed a meat berserker
    10 | D        | Noticed a bag of meat
    10 | D        | Noticed a bag of meat
    10 | D        | Noticed a meat berserker
    11 | D        | Noticed a bag of meat
    11 | D        | Noticed a bag of meat
    11 | D        | Noticed a bag of meat
    12 | D        | Killed a meat berserker
    12 | D        | Noticed a bag of meat
    13 | D        | Reached XP level 13. HP: 85/85 MP: 4/30
    13 | D        | Noticed a bag of meat
    13 | D        | Noticed a bag of meat
    13 | D        | Noticed a bag of meat
    13 | D        | Noticed a meat berserker
    14 | D        | Killed a bag of meat
    14 | D        | Reached ** piety under Makhleb
    15 | D        | Reached skill level 27 in Conjurations
    15 | D        | Reached XP level 14. HP: 92/92 MP: 5/31
    15 | D        | Killed a meat berserker
    15 | D        | Noticed a meat berserker
    16 | D        | Reached skill level 27 in Axes
    16 | D        | Killed a meat berserker
    16 | D        | Killed a bag of meat
    16 | D        | Reached *** piety under Makhleb
    16 | D        | Noticed a meat berserker
    16 | D        | Noticed a meat berserker
    16 | D        | Noticed a meat berserker
    17 | D        | Reached XP level 15. HP: 108/108 MP: 5/37
    19 | D        | Noticed a meat berserker
    20 | D        | Reached **** piety under Makhleb
    21 | D        | Reached XP level 16. HP: 85/121 MP: 6/41
    21 | D        | Killed a meat berserker
    21 | D        | Killed a meat berserker
    21 | D        | Noticed a large bag of meat
    22 | D        | Reached XP level 17. HP: 135/135 MP: 6/45
    22 | D        | Noticed a large bag of meat
    22 | D        | Killed a meat berserker
    22 | D        | Reached ***** piety under Makhleb
    23 | D        | Reached skill level 27 in Fighting
    23 | D        | Killed a meat berserker
    23 | D        | Noticed a destroyer
    24 | D        | Killed a large bag of meat
    25 | D        | Reached skill level 27 in Dodging
    25 | D        | Reached skill level 27 in Spellcasting
    25 | D        | Reached XP level 18. HP: 95/145 MP: 7/50
    25 | D        | Killed a meat berserker
    25 | D        | Reached ****** piety under Makhleb
    25 | D        | Noticed a meat berserker
    26 | D        | Reached skill level 5 in Ice Magic
    26 | D        | Reached skill level 5 in Shapeshifting
    26 | D        | Reached XP level 19. HP: 127/151 MP: 7/51
    26 | D        | Noticed a large bag of meat
    26 | D        | Noticed a meat berserker
    26 | D        | Noticed a meat berserker
    26 | D        | Noticed a meat berserker
    27 | D        | Killed a destroyer
    27 | D        | Noticed a destroyer
    28 | D        | Reached skill level 5 in Hexes
    28 | D        | Reached skill level 5 in Earth Magic
    28 | D        | Killed a meat berserker
    28 | D        | Noticed a destroyer
    28 | D        | Noticed an eight-headed meat hydra
    29 | D        | Noticed an eight-headed meat hydra
    29 | D        | Noticed a destroyer
    30 | D        | Reached XP level 20. HP: 157/157 MP: 8/52
    30 | D        | Killed a meat berserker
    31 | D        | Reached skill level 10 in Short Blades
    31 | D        | Reached skill level 10 in Long Blades
    31 | D        | Reached skill level 10 in Maces & Flails
    31 | D        | Reached skill level 10 in Polearms
    31 | D        | Reached skill level 10 in Staves
    31 | D        | Reached skill level 10 in Ranged Weapons
    31 | D        | Reached skill level 10 in Armour
    31 | D        | Reached skill level 10 in Stealth
    31 | D        | Reached skill level 10 in Unarmed Combat
    31 | D        | Reached skill level 10 in Necromancy
    31 | D        | Reached skill level 10 in Fire Magic
    31 | D        | Reached skill level 10 in Evocations
    31 | D        | Noticed a meat berserker
    32 | D        | Killed a meat berserker
    32 | D        | Killed a meat berserker
    33 | D        | Reached skill level 10 in Throwing
    33 | D        | Reached skill level 10 in Shields
    33 | D        | Reached skill level 10 in Poison Magic
    33 | D        | Reached skill level 10 in Invocations
    33 | D        | Killed a nine-headed meat hydra
    33 | D        | Noticed a meat berserker
    33 | D        | Noticed a meat berserker
    34 | D        | Killed a meat berserker
    34 | D        | Noticed a large bag of meat
    35 | D        | Reached skill level 10 in Ice Magic
    35 | D        | Reached XP level 21. HP: 83/163 MP: 9/53
    35 | D        | Killed a destroyer
    35 | D        | Killed a large bag of meat
    35 | D        | Noticed a destroyer
    36 | D        | Reached skill level 15 in Summonings
    36 | D        | Reached skill level 10 in Translocations
    36 | D        | Reached skill level 10 in Transmutations
    36 | D        | Reached skill level 15 in Air Magic
    36 | D        | Reached skill level 10 in Shapeshifting
    36 | D        | Noticed a meat berserker
    36 | D        | Killed a destroyer
    37 | D        | Reached skill level 10 in Hexes
    38 | D        | Reached skill level 10 in Earth Magic
    38 | D        | Noticed a destroyer
    38 | D        | Killed a meat berserker
    38 | D        | Noticed a meat berserker
    39 | D        | Reached XP level 22. HP: 134/169 MP: 10/54
    40 | D        | Killed a destroyer
    41 | D        | Reached skill level 15 in Evocations
    41 | D        | Noticed a destroyer
    42 | D        | Reached skill level 15 in Short Blades
    42 | D        | Reached skill level 15 in Long Blades
    42 | D        | Reached skill level 15 in Maces & Flails
    42 | D        | Reached skill level 15 in Polearms
    42 | D        | Reached skill level 15 in Staves
    42 | D        | Reached skill level 15 in Ranged Weapons
    42 | D        | Reached skill level 15 in Armour
    42 | D        | Reached skill level 15 in Stealth
    42 | D        | Reached skill level 15 in Unarmed Combat
    42 | D        | Reached skill level 15 in Necromancy
    42 | D        | Reached skill level 15 in Fire Magic
    42 | D        | Killed a destroyer
    42 | D        | Noticed a destroyer
    43 | D        | Killed a large bag of meat
    44 | D        | Reached skill level 27 in Armour
    44 | D        | Reached XP level 23. HP: 128/175 MP: 11/55
    44 | D        | Noticed a large bag of meat
    45 | D        | Reached skill level 15 in Throwing
    45 | D        | Reached skill level 15 in Shields
    45 | D        | Reached skill level 15 in Poison Magic
    45 | D        | Reached skill level 15 in Invocations
    45 | D        | Noticed a large bag of meat
    45 | D        | Noticed a large bag of meat
    46 | D        | Killed a destroyer
    48 | D        | Reached skill level 15 in Ice Magic
    48 | D        | Reached XP level 24. HP: 149/181 MP: 12/55
    48 | D        | Noticed an accursed
    49 | D        | Killed a destroyer
    49 | D        | Killed a large bag of meat
    50 | D        | Noticed a tyrant
    50 | D        | Noticed a destroyer
    51 | D        | Noticed a tyrant
    52 | D        | Reached skill level 15 in Shapeshifting
    52 | D        | Noticed a tyrant
    53 | D        | Noticed a destroyer
    54 | D        | Reached skill level 15 in Translocations
    54 | D        | Reached skill level 15 in Transmutations
    54 | D        | Killed a large bag of meat
    55 | D        | Reached XP level 25. HP: 132/187 MP: 14/55
    55 | D        | Noticed a destroyer
    55 | D        | Killed a large bag of meat
    56 | D        | Reached skill level 15 in Earth Magic
    56 | D        | Noticed a tyrant
    57 | D        | Noticed an accursed
    57 | D        | Noticed an accursed
    57 | D        | Killed a tyrant
    58 | D        | Noticed a tyrant
    58 | D        | Killed a destroyer
    59 | D        | Reached skill level 15 in Hexes
    59 | D        | Reached XP level 26. HP: 181/193 MP: 15/55
    59 | D        | Killed an accursed
    60 | D        | Reached skill level 27 in Air Magic
    60 | D        | Killed an accursed
    60 | D        | Killed a destroyer
    60 | D        | Noticed an accursed
    61 | D        | Reached skill level 27 in Summonings
    61 | D        | Reached XP level 27. HP: 173/199 MP: 15/55
    61 | D        | Killed a destroyer
    61 | D        | Killed a large bag of meat
    61 | D        | Noticed a large bag of meat
    62 | D        | Killed a destroyer
    63 | D        | Killed a tyrant
    63 | D        | Noticed a meat beast
    64 | D        | Noticed a meat beast
    64 | D        | Killed a tyrant
    64 | D        | Killed a tyrant
    65 | D        | Killed a meat beast
    65 | D        | Killed an accursed
    66 | D        | Reached skill level 27 in Short Blades
    66 | D        | Reached skill level 27 in Stealth
    66 | D        | Reached skill level 27 in Unarmed Combat
    66 | D        | Reached skill level 27 in Necromancy
    66 | D        | Reached skill level 27 in Fire Magic
    66 | D        | Reached skill level 27 in Evocations
    66 | D        | Killed a tyrant
    67 | D        | Reached skill level 27 in Long Blades
    67 | D        | Reached skill level 27 in Maces & Flails
    67 | D        | Reached skill level 27 in Polearms
    67 | D        | Reached skill level 27 in Staves
    67 | D        | Reached skill level 27 in Ranged Weapons
    67 | D        | Reached skill level 27 in Poison Magic
    67 | D        | Killed a meat beast
    67 | D        | Noticed a meat beast
    68 | D        | Reached skill level 27 in Throwing
    68 | D        | Reached skill level 27 in Shields
    68 | D        | Reached skill level 27 in Invocations
    68 | D        | Noticed a meat beast
    68 | D        | Noticed a tyrant
    69 | D        | Reached skill level 27 in Ice Magic
    69 | D        | Noticed a meat beast
    70 | D        | Killed an accursed
    71 | D        | Reached skill level 27 in Translocations
    71 | D        | Reached skill level 27 in Transmutations
    71 | D        | Noticed a meat beast
    71 | D        | Noticed a dread
    72 | D        | Killed a large bag of meat
    72 | D        | Killed a meat beast
    72 | D        | Killed a meat beast
    72 | D        | Noticed a meat beast
    73 | D        | Reached skill level 27 in Hexes
    73 | D        | Reached skill level 27 in Earth Magic
    73 | D        | Reached skill level 27 in Shapeshifting
    73 | D        | Killed a meat beast
    73 | D        | Noticed a meat beast
    73 | D        | Noticed a meat beast
    74 | D        | Killed a tyrant
    74 | D        | Noticed a meat beast
    74 | D        | Noticed a meat beast
    75 | D        | Killed a meat beast
    79 | D        | Killed a meat beast
    79 | D        | Killed a meat beast
    79 | D        | Killed a meat beast
    79 | D        | Killed a meat beast
    79 | D        | Noticed an accursed
    80 | D        | Killed a meat beast
    85 | D        | Killed a dread
    88 | D        | Noticed a tyrant
    90 | D        | Noticed a tyrant
    91 | D        | Noticed a meat beast
    93 | D        | Noticed a tyrant
    93 | D        | Killed from afar by a wretched soul

Illustrated notes

Levels and vault maps discovered:
D:        meatsprint

Skill      XL: |  1  2  3  4  5  6  7  8  9 10 11 12 13 14 15 16 17 18 19 20 21 22 23 24 25 26 27 |
---------------+----------------------------------------------------------------------------------+-----
Fighting       | 8 10 11 12 18 21 25 27 | 27.0
Axes           | 17 21 24 25 27 | 27.0
Dodging        | 8 10 11 12 16 19 22 27 | 27.0
Spellcasting   | 8 11 12 17 20 23 27 | 27.0
Conjurations   | 19 24 26 27 | 27.0
Short Blades   | 6 9 12 14 15 17 19 21 23 27 | 27.0
Long Blades    | 6 9 12 14 15 17 19 21 22 27 | 27.0
Maces & Flails | 6 9 12 14 15 17 19 21 22 27 | 27.0
Polearms       | 6 9 12 14 15 17 19 21 22 27 | 27.0
Staves         | 6 9 12 14 15 17 19 21 22 27 | 27.0
Ranged Weapons | 6 9 12 14 15 17 19 21 22 27 | 27.0
Throwing       | 6 8 11 13 14 16 17 20 21 27 | 27.0
Armour         | 6 9 12 14 27 | 27.0
Stealth        | 6 9 12 14 15 17 19 21 22 27 | 27.0
Shields        | 6 8 11 13 14 16 17 20 21 27 | 27.0
Unarmed Combat | 6 9 12 14 15 17 19 21 22 27 | 27.0
Hexes          | 4 6 8 10 11 12 14 15 16 27 | 27.0
Summonings     | 8 11 14 17 19 20 23 25 27 | 27.0
Necromancy     | 6 9 12 14 15 17 19 21 23 27 | 27.0
Translocations | 4 7 9 11 12 13 15 17 18 27 | 27.0
Transmutations | 4 7 9 11 12 13 15 17 18 27 | 27.0
Fire Magic     | 6 9 12 14 15 17 19 21 23 27 | 27.0
Ice Magic      | 5 8 10 12 13 15 17 19 20 27 | 27.0
Air Magic      | 7 11 14 16 18 20 23 26 27 | 27.0
Earth Magic    | 4 6 8 10 11 12 14 16 17 27 | 27.0
Poison Magic   | 6 8 11 13 14 16 18 21 22 27 | 27.0
Invocations    | 6 9 11 13 14 16 18 20 21 27 | 27.0
Evocations     | 6 9 12 14 16 17 19 22 23 27 | 27.0
Shapeshifting  | 5 7 9 11 12 13 15 17 18 27 | 27.0

Action                     |  1- 3 |  4- 6 |  7- 9 | 10-12 | 13-15 | 16-18 | 19-21 | 22-24 | 25-27 || total
---------------------------+-------+-------+-------+-------+-------+-------+-------+-------+-------++-------
  Melee: Executioner's axe |     1 |       |       |     2 |     5 |     5 |    11 |    15 |    30 ||    69
 Invoke: Greater Servant o |       |       |       |       |       |       |       |       |     4 ||     4
    Use: Potion            |       |       |       |       |       |       |       |       |     2 ||     2
 Armour: Leather armour    |       |       |       |       |       |       |       |       |     6 ||     6
  Dodge: Dodged            |       |       |       |       |       |       |       |       |    12 ||    12

Table legend: (Time is in decaauts)
 A = Elapsed time spent in this place.
 B = Non-inter-level travel time spent in this place.
 C = Inter-level travel time spent in this place.
 D = Time resting spent in this place.
 E = Time spent auto-exploring this place.
 F = Levels seen in this place.
 G = Mean time per level.
                   A        B        C        D        E       F      G
               +--------+--------+--------+--------+--------+-----+--------+
         Total |     75 |     75 |      0 |      0 |      0 |   1 |   75.0 |
       Dungeon |     75 |     75 |      0 |      0 |      0 |   1 |   75.0 |
               +--------+--------+--------+--------+--------+-----+--------+

Top non-repeatable levels by time:
       D: 75 daAuts
